 Dungeon Crawl Stone Soup version 0.19-a0-994-g3c636f0 (webtiles) character file.

350 Gottschkopf the Thaumaturge (level 6, -2/32 HPs)
             Began as a Deep Elf Conjurer on July 15, 2016.
             Slain by a river rat (5 damage)
             ... in a sewer.
             The game lasted 00:05:45 (2354 turns).

Gottschkopf the Thaumaturge (Deep Elf Conjurer)     Turns: 2354, Time: 00:05:45

Health: -2/32      AC:  4    Str: 10    XL:     6   Next: 34%
Magic:  0/19       EV: 11    Int: 27    God:
Gold:   120        SH:  0    Dex: 15    Spells: 5 memorised, 6 levels left

rFire  . . .     SeeInvis .     k - +0 dagger
rCold  . . .     Gourm    .     a - +0 robe
rNeg   . . .     Faith    .     (no shield)
rPois  .         Spirit   .     (no helmet)
rElec  .         Dismiss  .     (no cloak)
rCorr  .         Reflect  .     j - +1 pair of gloves
SustAt .         Harm     .     (no boots)
MR     .....                    (no amulet)
Stlth  ++........               g - -2 ring of evasion (curse)
                                f - ring of flight

@: mighty, brilliant, flying, not resistant to hostile enchantments, unstealthy
A: no striking features
a: no special abilities


You were in a sewer.
You were not hungry.

You visited 1 branch of the dungeon, and saw 5 of its levels.
You also visited: Sewer.

You collected 120 gold pieces.

Inventory:

Hand Weapons
 k - a +0 dagger (weapon)
Armour
 a - a +0 robe (worn)
 j - a +1 pair of gloves (worn)
 u - a +0 pair of boots
Jewellery
 f - a ring of flight (left hand)
 g - a cursed -2 ring of evasion (right hand)
Scrolls
 e - a scroll of teleportation {unknown}
 h - a scroll of recharging {unknown}
 i - a scroll of random uselessness {unknown}
 l - a scroll of noise {unknown}
 o - a scroll of amnesia {unknown}
 q - a scroll of enchant armour {unknown}
 r - 4 scrolls of remove curse {unknown}
 t - a scroll of fear {unknown}
Books
 b - a book of Conjurations

   Spells                             Type                      Level
   a - Magic Dart                     Conjuration                  1
   b - Searing Ray                    Conjuration                  2
   c - Dazzling Spray                 Conjuration/Hexes            3
   d - Fulminant Prism                Conjuration/Hexes            4
   e - Iskenderun's Mystic Blast      Conjuration                  4
   f - Iskenderun's Battlesphere      Conjuration/Charms           5
Comestibles
 c - a bread ration
 d - 2 meat rations
 n - a beef jerky


   Skills:
 - Level 2.4 Dodging
 - Level 2.4 Stealth
 - Level 8.6 Spellcasting
 - Level 4.3 Conjurations
 + Level 2.8 Charms


You had 6 spell levels left.
You knew the following spells:

 Your Spells              Type           Power        Failure   Level  Hunger
a - Magic Dart            Conj           ####         1%          1    None
b - Searing Ray           Conj           ######       1%          2    None
c - Iskenderun's Mystic   Conj           ######..     1%          4    #......
d - Fulminant Prism       Conj/Hex       #####.....   3%          4    #......
e - Iskenderun's Battles  Conj/Chrm      #####...     4%          5    ####...


Dungeon Overview and Level Annotations

Branches:
Dungeon (5/15)
 Temple: D:4-7

Altars:
Hepliaklqana
Okawaru
Yredelemnul

Annotations:
D:4 Blork the orc


Message History

The river rat is moderately wounded.
The rat closely misses you. The rat bites you.
* * * LOW HITPOINT WARNING * * *
The river rat barely misses you.
It was a potion of flight.
You feel very buoyant.
You fly up into the air.
The rat closely misses you. The rat barely misses you.
The river rat bites you but does no damage.
It was a potion of brilliance.
You feel clever all of a sudden.
The rat bites you but does no damage. x2; The river rat closely misses you.
Casting: Magic Dart
Confirm with . or Enter, or press ? or * to list all spells.
Aiming: Magic Dart
Press: ? - help, Shift-Dir - straight line, f - rat
Aim: a rat The magic dart hits the rat.
You kill the rat!
The rat misses you. The river rat bites you.
You die...

##############
≈≈≈≈≈≈≈≈≈≈≈≈
≈≈≈≈≈≈≈≈≈
#######
#..#..#
#.....#
##...## ≈≈
#..).r# ≈≈≈
#..rr@#≈≈≈≈
###'###≈≈≈≈
##)..≈≈≈≈≈≈
#....≈≈≈≈≈≈
#....≈≈≈≈≈≈
##)...≈≈≈≈≈≈
#.(.(.≈≈≈≈≈≈
#(....≈≈≈≈≈≈
#÷.....≈≈≈≈≈


You could see a river rat and 2 rats.

Vanquished Creatures
  Sigmund (D:4)
  A worker ant (D:4)
  3 adders
  6 river rats (Sewer)
  An ooze (D:4)
  2 worms (D:3)
  3 dart slugs
  5 giant geckos
  2 orcs
  4 giant cockroaches
  3 goblins
  2 hobgoblins
  6 ball pythons (Sewer)
  4 bats (D:1)
  5 giant newts
  7 kobolds
  10 rats
65 creatures vanquished.

Vanquished Creatures (others)
  A fulminant prism (Sewer)
1 creature vanquished.

Grand Total: 66 creatures vanquished

Notes
Turn   | Place    | Note
-------+----------+-------------------------------------------
     0 | D:1      | Gottschkopf the Deep Elf Conjurer began the quest for the Orb.
     0 | D:1      | Reached XP level 1. HP: 10/10 MP: 6/6
   149 | D:1      | Reached XP level 2. HP: 15/15 MP: 4/8
   314 | D:1      | Reached skill level 4 in Spellcasting
   322 | D:1      | Learned a level 2 spell: Searing Ray
   851 | D:2      | You fall through a shaft!
   858 | D:3      | Reached skill level 5 in Spellcasting
   858 | D:3      | Reached XP level 3. HP: 19/19 MP: 2/11
  1204 | D:3      | Found an iron altar of Okawaru.
  1417 | D:3      | Found a hazy altar of Hepliaklqana.
  1417 | D:3      | Found a basalt altar of Yredelemnul.
  1582 | D:4      | Reached XP level 4. HP: 22/24 MP: 10/13
  1589 | D:4      | Reached skill level 6 in Spellcasting
  1656 | D:4      | Noticed Sigmund
  1671 | D:4      | Killed Sigmund
  1671 | D:4      | Reached skill level 8 in Spellcasting
  1671 | D:4      | Reached XP level 5. HP: 4/28 MP: 0/18
  1671 | D:4      | Reached XP level 6. HP: 5/32 MP: 0/19
  1699 | D:5      | Entered Level 5 of the Dungeon
  1712 | D:4      | Noticed Blork the orc
  2030 | D:4      | Found a glowing drain.
  2042 | Sewer    | Entered a sewer
  2116 | Sewer    | Learned a level 4 spell: Iskenderun's Mystic Blast
  2121 | Sewer    | Learned a level 4 spell: Fulminant Prism
  2127 | Sewer    | Learned a level 5 spell: Iskenderun's Battlesphere
  2290 | Sewer    | Reached skill level 1 in Charms
  2354 | Sewer    | Slain by a river rat

Vault maps used:
D:1:      tarquinn_simple_flora_water_e
D:3:      marbit_many_paths, gammafunk_temple_overflow_wave
D:4:      portal_sewer_entry_f, johnstein_pakellas_shop, uniq_sigmund,
          uniq_blork_the_orc
D:5:      lemuel_doored_altar, first_bread, st_stairs_10, wad_woods_river_04,
          uniq_edmund, uniq_prince_ribbit1
Sewer:    sewer_minmay_treatment

Skill      XL: |  1  2  3  4  5  6 |
---------------+-------------------+-----
Spellcasting   | 5 8 |  8.6
Charms         | 2 |  2.8
Dodging        | |  2.4
Stealth        | |  2.4
Conjurations   | |  4.3

Action                   |  1- 3 |  4- 6 || total
-------------------------+-------+-------++-------
Melee: Dagger            |       |    14 ||    14
 Cast: Magic Dart        |    74 |    67 ||   141
       Searing Ray       |     1 |     1 ||     2
       Iskenderun's Myst |       |     2 ||     2
       Fulminant Prism   |       |     1 ||     1
  Use: Potion            |       |     4 ||     4
  Eat: Chunk             |     2 |     3 ||     5
Armor: Robe              |     1 |    14 ||    15
Dodge: Dodged            |     4 |    47 ||    51
